 Dungeon Crawl Stone Soup version 0.22-a0-423-g4197694 (webtiles) character file.

5266 ketsa the Martial Artist (level 10, 0/76 HPs)
             Began as a Gnoll Transmuter on May 23, 2018.
             Was an Initiate of Ashenzari.
             Slain by a porcupine (14 damage)
             ... on level 2 of the Lair of Beasts.
             The game lasted 01:17:41 (12274 turns).

ketsa the Martial Artist (Gnoll Transmuter)        Turns: 12274, Time: 01:17:42

Health: 0/76       AC:  8    Str: 16    XL:     10   Next: 62%
Magic:  18/21      EV: 20    Int: 19    God:    Ashenzari [......]
Gold:   327        SH:  0    Dex: 18    Spells: 17/23 levels left

rFire    . . .     SeeInvis .     - Unarmed
rCold    . . .     Gourm    +   (no shield)
rNeg     . . .     Faith    .   E - +0 leather armour
rPois    .         Spirit   .   z - +0 helmet
rElec    .         Reflect  .   (no cloak)
rCorr    .         Harm     .   N - +2 pair of gloves {Str+3}
MR       .....                  (no boots)
Stlth    +++.......             m - amulet of the gourmand
HPRegen  0.22/turn              g - +3 ring of dexterity
MPRegen  0.17/turn              h - +3 ring of evasion (curse)

@: very slightly contaminated
A: distributed training, fangs 1, strong nose
a: Curse Item, Renounce Religion


You were on level 2 of the Lair of Beasts.
You worshipped Ashenzari.
Ashenzari was noncommittal.
You were very full.

You visited 3 branches of the dungeon, and saw 11 of its levels.
You also visited: Sewer.

You collected 672 gold pieces.
You spent 345 gold pieces at shops.

Inventory:

Hand Weapons
 b - the +3 hunting sling of Royalism {flame, Int+2}
   (You took it off Edmund on level 4 of the Dungeon)

   It causes projectiles fired from it to burn those they strike, causing extra
   injury to most foes and up to half again as much damage against particularly
   susceptible opponents.
   It affects your intelligence (+2).
 i - a +2 dagger of draining
 k - a +2 dagger of protection
 r - a +0 dagger of venom
 D - a +0 hunting sling
 I - a +4 short sword
Missiles
 a - 105 arrows
 e - 251 stones (quivered)
 x - 36 poisoned needles
 y - 6 tomahawks of returning
 B - 27 bolts
 T - 2 throwing nets
Armour
 j - a +0 ring mail
 s - a +1 robe
 t - a +0 chain mail
 z - a +0 helmet (worn)
 E - a +0 leather armour (worn)
 N - a +2 pair of gloves of strength (worn)
Magical Staves
 R - an uncursed staff of summoning
Jewellery
 g - a +3 ring of dexterity (left hand)
 h - a cursed +3 ring of evasion (right hand)
 m - an amulet of the gourmand (around neck)
 v - a +2 amulet of reflection
 S - an uncursed ring of magical power
 U - an uncursed amulet of the acrobat
 V - an uncursed ring of stealth
Wands
 C - a wand of polymorph (10)
 J - a wand of acid (8)
 M - a wand of iceblast (18)
 O - a wand of flame (13)
 Y - a wand of random effects (29)
Scrolls
 f - 3 scrolls of amnesia
 l - 2 scrolls of fog
 n - 10 scrolls of teleportation
 o - a scroll of fear
 q - 2 scrolls of magic mapping
 L - 2 scrolls of remove curse
 W - 4 scrolls of enchant armour
Potions
 c - 8 potions of curing
 p - 5 potions of heal wounds
 u - 3 potions of lignification {unknown}
 w - a potion of ambrosia {unknown}
 A - a potion of magic
 F - 3 potions of agility
 G - 4 potions of brilliance
 H - a potion of might
Comestibles
 d - 13 rations
 P - 5 chunks of flesh


   Skills:
 + Level 6.0 Fighting
 + Level 5.3 Short Blades
 + Level 5.3 Long Blades
 + Level 5.3 Axes
 + Level 5.3 Maces & Flails
 + Level 5.3 Polearms
 + Level 5.3 Staves
 + Level 5.3 Slings
 + Level 5.3 Bows
 + Level 5.3 Crossbows
 + Level 5.3 Throwing
 + Level 5.3 Armour
 + Level 7.1 Dodging
 + Level 5.3 Stealth
 + Level 5.3 Shields
 + Level 8.5 Unarmed Combat
 + Level 7.4 Spellcasting
 + Level 4.4 Conjurations
 + Level 4.4 Hexes
 + Level 4.4 Charms
 + Level 4.4 Summonings
 + Level 4.4 Necromancy
 + Level 4.4 Translocations
 + Level 5.9 Transmutations
 + Level 4.4 Fire Magic
 + Level 4.4 Ice Magic
 + Level 4.4 Air Magic
 + Level 4.4 Earth Magic
 + Level 4.4 Poison Magic
 + Level 5.9 Invocations
 + Level 5.3 Evocations


You had 17 spell levels left.
You knew the following spells:

 Your Spells              Type           Power        Failure   Level  Hunger
a - Beastly Appendage     Tmut           ####..       1%          1    None
b - Sticks to Snakes      Tmut           ####....     1%          2    None
c - Spider Form           Tmut/Pois      ####......   4%          3    #......

Your spell library contained the following spells:

 Spells                   Type           Power        Failure   Level  Hunger
 Blade Hands              Tmut           ####......   28%         5    #####..
 Ice Form                 Ice/Tmut       ####....     14%         4    ###....


Dungeon Overview and Level Annotations

Branches:
Dungeon (8/15)             Temple (1/1) D:7            Lair (2/6) D:8
  Swamp: Lair:2-4    Shoals: Lair:2-4     Snake: Lair:2-4    Spider: Lair:2-4

Altars:
Ashenzari
Cheibriados
Dithmenos
Elyvilon
Fedhas
Gozag
Hepliaklqana
Kikubaaqudgha
Makhleb
Nemelex Xobeh
Okawaru
Qazlal
Ru
Sif Muna
Trog
Uskayaw
Vehumet
Wu Jian
Xom
Yredelemnul
Zin
The Shining One

Shops:
D:6 [   D:7 ?

Annotations:
D:3 exclusion: 2 downstairs
D:7 exclusion: downstairs


Innate Abilities, Weirdness & Mutations

Your experience applies equally to all skills.
You have very sharp teeth.
Your uncanny sense of smell can sniff out nearby items.


Message History

The porcupine misses you.
Your ball python barely misses the porcupine.
The porcupine completely misses you.
Your ball python is struck by the porcupine's spines.
Your ball python dies!
The porcupine misses you.
Blink to where?
Press: ? - help, Dir - move target cursor You are very lightly contaminated with residual magic.
As you read the scroll of blinking, it crumbles to dust.
Found an uncursed ring mail.
Your transformation is almost over.
Your transformation has ended.
Your +0 helmet unmelds from your body.
Your +2 pair of gloves of strength unmelds from your body.
Your +0 leather armour unmelds from your body.
You feel stronger.
There is a stone staircase leading up here.
The porcupine bites you!
You die...

.........###..#.........
........##.#.P#P........
........................
........................
........................
#.#...................##
###..#.†###.#P......P# .
#....####.........## ..
##..#...@r.#.......##
...##....#.....##r......#
.............#.......#.
###..........##......#
##...###P#.##P......##
##.....#######........## #
............r............##+.
.............................
.............................


You could see a porcupine.

Vanquished Creatures
  2 blink frogs (Lair:1)
  A wyvern (D:8)
  3 yaks (Lair:1)
  Duvessa (D:6)
  2 hell hounds (D:8)
  A porcupine (Lair:2)
  3 water moccasins
  2 sky beasts
  3 ogres
  4 wolves (Lair:2)
  A crocodile (Lair:2)
  5 bullfrogs
  A scorpion (D:4)
  Dowan (D:6)
  3 killer bees (D:8)
  6 howler monkeys
  4 wights (D:8)
  2 crimson imps
  A bullfrog zombie (D:6)
  4 hounds
  2 orc priests
  A jelly (D:6)
  5 worker ants
  2 iguanas
  Natasha (D:4)
  4 orc wizards
  2 worker ant zombies
  Robin (D:3)
  A howler monkey skeleton (D:7)
  6 river rats
  11 adders
  An ooze (D:7)
  An adder zombie (D:7)
  3 worms
  A dart slug (D:3)
  3 leopard geckos
  20 orcs
  5 ball pythons
  10 bats
  A giant cockroach (D:5)
  16 goblins
  9 hobgoblins
  2 jackals (D:6)
  3 quokkas
  9 frilled lizards
  26 kobolds
  A leopard gecko skeleton (D:4)
  A leopard gecko zombie (D:6)
  2 quokka skeletons
  23 rats
223 creatures vanquished.

Vanquished Creatures (collateral kills)
  A blink frog (Lair:1)
  Edmund (D:4)
  A porcupine (Lair:1)
  A water moccasin (Lair:2)
  An ice beast (D:7)
  2 orc warriors
  A centaur (D:7)
  2 big kobolds
  2 bullfrogs (D:6)
  A wight (D:8)
  A crimson imp (D:6)
  An adder (Sewer)
  A river rat (Sewer)
  A leopard gecko (D:4)
  3 orcs
  3 rats (Sewer)
23 creatures vanquished.

Vanquished Creatures (others)
  2 fungi (Lair:1)
2 creatures vanquished.

Grand Total: 248 creatures vanquished

Notes
Turn   | Place    | Note
-------+----------+-------------------------------------------
     0 | D:1      | ketsa the Gnoll Transmuter began the quest for the Orb.
     0 | D:1      | Reached XP level 1. HP: 17/17 MP: 6/6
   421 | D:1      | Reached XP level 2. HP: 22/23 MP: 7/7
  1015 | D:2      | Reached skill level 5 in Spellcasting
  1015 | D:2      | Reached XP level 3. HP: 23/28 MP: 7/9
  1129 | D:2      | Reached skill level 1 in Invocations
  1618 | D:2      | Found a sparkling altar of Nemelex Xobeh.
  1881 | D:2      | Found a sacrificial altar of Ru.
  1893 | D:2      | Learned a level 2 spell: Sticks to Snakes
  1913 | D:2      | Reached skill level 1 in Short Blades
  1913 | D:2      | Reached skill level 1 in Long Blades
  1913 | D:2      | Reached skill level 1 in Axes
  1913 | D:2      | Reached skill level 1 in Maces & Flails
  1913 | D:2      | Reached skill level 1 in Polearms
  1913 | D:2      | Reached skill level 1 in Staves
  1913 | D:2      | Reached skill level 1 in Slings
  1913 | D:2      | Reached skill level 1 in Bows
  1913 | D:2      | Reached skill level 1 in Crossbows
  1913 | D:2      | Reached skill level 1 in Throwing
  1913 | D:2      | Reached skill level 1 in Armour
  1913 | D:2      | Reached skill level 1 in Stealth
  1913 | D:2      | Reached skill level 1 in Shields
  1913 | D:2      | Reached skill level 1 in Evocations
  1913 | D:2      | Reached XP level 4. HP: 31/34 MP: 9/11
  2330 | D:3      | Found a blossoming altar of Fedhas.
  2436 | D:3      | Reached skill level 1 in Conjurations
  2436 | D:3      | Reached skill level 1 in Hexes
  2436 | D:3      | Reached skill level 1 in Charms
  2436 | D:3      | Reached skill level 1 in Summonings
  2436 | D:3      | Reached skill level 1 in Necromancy
  2436 | D:3      | Reached skill level 1 in Translocations
  2436 | D:3      | Reached skill level 1 in Fire Magic
  2436 | D:3      | Reached skill level 1 in Ice Magic
  2436 | D:3      | Reached skill level 1 in Air Magic
  2436 | D:3      | Reached skill level 1 in Earth Magic
  2436 | D:3      | Reached skill level 1 in Poison Magic
  2931 | D:3      | Reached XP level 5. HP: 40/40 MP: 10/12
  2965 | D:3      | Found a white marble altar of Elyvilon.
  3179 | D:3      | Found a faded altar of an unknown god.
  3399 | D:3      | Noticed Robin
  3526 | D:3      | Killed Robin
  3755 | D:4      | Reached XP level 6. HP: 43/47 MP: 9/13
  3772 | D:4      | Noticed an orc warrior
  3824 | D:4      | Noticed Edmund
  3824 | D:4      | Noticed Natasha
  3886 | D:4      | Reached skill level 5 in Dodging
  4289 | D:4      | Killed an orc warrior
  4289 | D:4      | Reached XP level 7. HP: 6/52 MP: 9/15
  4743 | D:4      | Reached skill level 7 in Unarmed Combat
  4776 | D:4      | Killed Edmund
  4791 | D:4      | Got a faintly glowing hunting sling
  4882 | D:4      | Identified the cursed +3 hunting sling of Royalism {flame, Int+2} (You took it off Edmund on level 4 of the Dungeon)
  5375 | D:4      | Killed Natasha
  5507 | D:5      | Entered Level 5 of the Dungeon
  5852 | D:5      | Found an iron altar of Okawaru.
  5908 | D:5      | Found a glowing drain.
  5912 | Sewer    | Entered a sewer
  6330 | Sewer    | Reached XP level 8. HP: 55/60 MP: 11/16
  6751 | D:5      | Found a shadowy altar of Dithmenos.
  6754 | D:5      | Found a radiant altar of Vehumet.
  7062 | D:6      | Found a blossoming altar of Fedhas.
  7803 | D:6      | Found an ancient bone altar of Kikubaaqudgha.
  7850 | D:6      | Noticed Duvessa
  8274 | D:6      | Found Peuvve's Antique Armour Shop.
  8290 | D:6      | Bought a pair of runed gloves for 165 gold pieces
  8299 | D:6      | Learned a level 3 spell: Spider Form
  8332 | D:6      | Noticed Dowan
  8339 | D:6      | Killed Dowan
  8385 | D:6      | Killed Duvessa
  8524 | D:6      | Reached XP level 9. HP: 66/66 MP: 14/18
  8574 | D:6      | Reached skill level 5 in Transmutations
  9015 | D:7      | Found a bloodstained altar of Trog.
  9068 | D:7      | Found Iplicrysh's Magic Scroll Shop.
  9092 | D:7      | Bought a scroll of teleportation for 45 gold pieces
  9092 | D:7      | Bought a scroll of remove curse for 45 gold pieces
  9092 | D:7      | Bought a scroll of remove curse for 45 gold pieces
  9092 | D:7      | Bought a scroll of teleportation for 45 gold pieces
  9127 | D:7      | Found a staircase to the Ecumenical Temple.
  9133 | Temple   | Entered the Ecumenical Temple
  9585 | D:8      | Found a staircase to the Lair.
  9626 | D:8      | Reached skill level 5 in Fighting
 10011 | D:8      | Reached skill level 8 in Unarmed Combat
 10071 | D:8      | Reached skill level 5 in Invocations
 10364 | D:8      | Reached XP level 10. HP: 70/74 MP: 18/20
 10683 | D:8      | Found a shattered altar of Ashenzari.
 10684 | D:8      | Found an opulent altar of Gozag.
 10690 | D:8      | Became a worshipper of Ashenzari the Shackled
 10741 | Lair:1   | Entered Level 1 of the Lair of Beasts
 11074 | Lair:1   | Reached skill level 5 in Short Blades
 11074 | Lair:1   | Reached skill level 5 in Long Blades
 11074 | Lair:1   | Reached skill level 5 in Axes
 11074 | Lair:1   | Reached skill level 5 in Maces & Flails
 11074 | Lair:1   | Reached skill level 5 in Polearms
 11074 | Lair:1   | Reached skill level 5 in Staves
 11074 | Lair:1   | Reached skill level 5 in Slings
 11074 | Lair:1   | Reached skill level 5 in Bows
 11074 | Lair:1   | Reached skill level 5 in Crossbows
 11074 | Lair:1   | Reached skill level 5 in Throwing
 11074 | Lair:1   | Reached skill level 5 in Armour
 11074 | Lair:1   | Reached skill level 5 in Stealth
 11074 | Lair:1   | Reached skill level 5 in Shields
 11074 | Lair:1   | Reached skill level 5 in Evocations
 12274 | Lair:2   | Slain by a porcupine

Vault maps used:
D:1:      zelgadis_glass_arrival_small
D:2:      nicolae_ru_great_annihilating_truth, nemelex_lonely_heart_becter
D:3:      elyvilon_altar_3, nicolae_overflow_crystal_walls,
          chequers_ecumenical_altar_simple, first_ration, uniq_robin,
          uniq_natasha
D:4:      uniq_edmund
D:5:      kennysheep_mini, nicolae_overflow_hidden_temple, gup_sewer_entry_bowl
D:6:      old_standard_altar, serial_shops, nicolae_shop_stone, basic_altar,
          uniq_duvessa
D:7:      minmay_temple_entry_fiery, basic_altar, serial_shops, shop
D:8:      gammafunk_temple_overflow_pools, minmay_lair_entry_lava
Temple:   cyrus_circular_temple
Lair:2:   swamp_mist, dummy_snake_entry, minmay_lair_oklob_chamber
Sewer:    sewer_minmay_treatment

Skill      XL: |  1  2  3  4  5  6  7  8  9 10 |
---------------+-------------------------------+-----
Spellcasting   | 5 6 7 |  7.4
Invocations    | 1 2 3 4 5 |  5.9
Short Blades   | 1 2 3 4 5 |  5.3
Long Blades    | 1 2 3 4 5 |  5.3
Axes           | 1 2 3 4 5 |  5.3
Maces & Flails | 1 2 3 4 5 |  5.3
Polearms       | 1 2 3 4 5 |  5.3
Staves         | 1 2 3 4 5 |  5.3
Slings         | 1 2 3 4 5 |  5.3
Bows           | 1 2 3 4 5 |  5.3
Crossbows      | 1 2 3 4 5 |  5.3
Throwing       | 1 2 3 4 5 |  5.3
Armour         | 1 2 3 4 5 |  5.3
Stealth        | 1 2 3 4 5 |  5.3
Shields        | 1 2 3 4 5 |  5.3
Evocations     | 1 2 3 4 5 |  5.3
Conjurations   | 1 2 3 4 |  4.4
Hexes          | 1 2 3 4 |  4.4
Charms         | 1 2 3 4 |  4.4
Summonings     | 1 2 3 4 |  4.4
Necromancy     | 1 2 3 4 |  4.4
Translocations | 1 2 3 4 |  4.4
Fire Magic     | 1 2 3 4 |  4.4
Ice Magic      | 1 2 3 4 |  4.4
Air Magic      | 1 2 3 4 |  4.4
Earth Magic    | 1 2 3 4 |  4.4
Poison Magic   | 1 2 3 4 |  4.4
Fighting       | 3 4 5 6 |  6.0
Transmutations | 4 5 |  5.9
Dodging        | 5 6 7 |  7.1
Unarmed Combat | 7 8 |  8.5

Action                   |  1- 3 |  4- 6 |  7- 9 | 10-12 || total
-------------------------+-------+-------+-------+-------++-------
Melee: Unarmed           |    17 |   139 |   247 |   108 ||   511
       Dagger            |    91 |       |       |       ||    91
       Bite              |    10 |    12 |    32 |    12 ||    66
       Headbutt          |     2 |     5 |       |       ||     7
       Punch             |     1 |     6 |     8 |     7 ||    22
       Kick              |       |    28 |    76 |    30 ||   134
       Hunting sling     |       |       |     7 |       ||     7
 Fire: Hunting sling     |    18 |    36 |   193 |     6 ||   253
Throw: Stone             |    21 |    35 |    11 |    21 ||    88
 Cast: Beastly Appendage |     3 |    22 |    32 |     8 ||    65
       Sticks to Snakes  |       |     9 |    40 |    14 ||    63
       Spider Form       |       |       |     1 |     2 ||     3
Invok: Curse Item        |       |       |       |     1 ||     1
Evoke: Wand              |       |       |     1 |       ||     1
  Use: Scroll            |     5 |       |    10 |     5 ||    20
       Potion            |       |       |     2 |     2 ||     4
 Stab: Distracted        |       |       |     5 |     2 ||     7
       Sleeping          |       |       |     1 |       ||     1
  Eat: Chunk             |     3 |    20 |    19 |     6 ||    48
Armor: Robe              |    24 |    17 |    19 |       ||    60
       Leather armour    |       |       |       |    11 ||    11
Dodge: Dodged            |   145 |   114 |   304 |   141 ||   704

Table legend:
 A = Spawn XP
 B = Non-spawn XP
 C = Spawn XP percentage of total XP
 D = Spawn monster count
 E = Non-spawn monster count
 F = Spawn count percentage of total count
 G = Total turns spent on level
                    A         B        C        D         E        F      G
               +---------+---------+-------+---------+---------+-------+---------
         Total |       0 |    7523 |   0.0 |       0 |     246 |   0.0 | 12274
               +---------+---------+-------+---------+---------+-------+---------
           D:1 |       0 |      20 |   0.0 |       0 |      12 |   0.0 |   811
           D:2 |       0 |     101 |   0.0 |       0 |      20 |   0.0 |  1487
           D:3 |       0 |     202 |   0.0 |       0 |      38 |   0.0 |  1476
           D:4 |       0 |     672 |   0.0 |       0 |      24 |   0.0 |  1790
           D:5 |       0 |      55 |   0.0 |       0 |       6 |   0.0 |   722
           D:6 |       0 |    1255 |   0.0 |       0 |      34 |   0.0 |  1643
           D:7 |       0 |     892 |   0.0 |       0 |      17 |   0.0 |   979
           D:8 |       0 |    1421 |   0.0 |       0 |      30 |   0.0 |   949
        Lair:1 |       0 |    1718 |   0.0 |       0 |       9 |   0.0 |  1366
        Lair:2 |       0 |     978 |   0.0 |       0 |       8 |   0.0 |   167
         Sewer |       0 |     209 |   0.0 |       0 |      48 |   0.0 |   733
               +---------+---------+-------+---------+---------+-------+---------
